 Dungeon Sprint DCSS version 0.29-a0-925-g0a7a3d12f8 (webtiles) character file.

Game seed: 15083541358428781702

2027 Hipnos the Carver (level 9, -3/82 HPs)
             Began as a Demonspawn Chaos Knight on July 28, 2022.
             Was a Plaything of Xom.
             Slain by a hornet (8 damage)
             ... in the Dungeon (Sprint II: "The Violet Keep of Menkaure").
             The game lasted 00:05:48 (1021 turns).

Hipnos the Carver (Demonspawn Chaos Knight)         Turns: 1021, Time: 00:05:48

Health: -3/82      AC:  5    Str: 16    XL:     9   Next: 3%
Magic:  8/8        EV: 13    Int: 11    God:    Xom [....*.]
Gold:   71         SH:  0    Dex: 12    Spells: 8/8 levels left

rFire   . . .      SeeInvis +   a - +0 falchion (chaos)
rCold   . . .      Faith    .   (no shield)
rNeg    . . .      Spirit   .   b - +2 leather armour
rPois   .          Reflect  .   h - +0 mask of the Dragon {Will+ Slay+3 SInv}
rElec   .          Harm     .   (no cloak)
rCorr   .          Rampage  .   (no gloves)
Will    +....      NoTele   +   (no boots)
Stlth   ++........              (no amulet)
HPRegen 0.23/turn               (no ring)
MPRegen 0.11/turn               (no ring)

@: slowed, very slow
A: antennae 2, foul stench 1, spiny 1, demonic touch 2, dopey 2, low MP 1
a: Renounce Religion


You were in the Dungeon.
You worshipped Xom.
You were a beloved toy of Xom.
You visited 1 branch You collected 972 gold pieces.
You spent 901 gold pieces at shops.

Inventory:

Hand Weapons
 a - a +0 falchion of chaos (weapon)
Armour
 b - a +2 leather armour (worn)
 h - the +0 mask of the Dragon (worn) {Will+ Slay+3 SInv}
   (You bought it in a shop in the Dungeon)

   Slay:      It affects your accuracy & damage with ranged weapons and melee
   (+3).
   SInv:      It lets you see invisible.
   Will:      It increases your willpower.
Scrolls
 i - a scroll of blinking
Potions
 d - a potion of curing
 f - a potion of haste
 g - 2 potions of magic
Miscellaneous
 c - a piece from Xom's chessboard (15/15) (quivered)


   Skills:
 + Level 11.9 Fighting
 + Level 12.9 Long Blades
 + Level 6.7 Armour
 + Level 4.6 Dodging
 + Level 4.1 Stealth
 + Level 0.1 Evocations


You had 8 spell levels left.
You didn't know any spells.
Your spell library was empty.

Dungeon Overview and Level Annotations

Branches:
Dungeon (1/1)

Altars:
Cheibriados
Dithmenos
Fedhas
Gozag
Kikubaaqudgha
Makhleb
Nemelex Xobeh
Okawaru
Sif Muna
Trog
Uskayaw
Vehumet
Jiyva
Lugonu

Shops:
D :?:[**![=!((=!:

Annotations:
D exclusions: oklob plant and orange crystal statue


Innate Abilities, Weirdness & Mutations

You have a pair of antennae on your head.
You may rarely emit foul miasma when damaged in melee.
You are partially covered in sharp spines.
Your touch may inflict irresistible damage on your foes.
You are very dopey. (Int -4)
Your magical capacity is low. (-10% MP)


Message History

The yaktaur is struck by your spines. The yaktaur hits you!
You barely miss the yaktaur.
The yaktaur is severely wounded.
The yaktaur hits you!
* * * LOW HITPOINT WARNING * * *
You closely miss the yaktaur. Your touch misses the yaktaur.
The yaktaur is severely wounded.
You slash the yaktaur!
The yaktaur is poisoned.
The yaktaur is almost dead.
You hear an angry growl.
The yaktaur closely misses you.
You slash the yaktaur! Lightning courses through the yaktaur!
You kill the yaktaur!
Your piece from Xom's chessboard (15/15) has regained one charge.
Your Stealth skill increases to level 4!
You have reached level 9!
Your experience leads to an increase in your attributes!
Your base attributes are Str 14, Int 15, Dex 12.
Increase (S)trength, (I)ntelligence, or (D)exterity?
You feel stronger. x2; Your demonic ancestry asserts itself...
You begin to emit a foul stench of rot and decay.
You hit the hornet.
You feel better.
The hornet is lightly wounded.
You hit the hornet. You burn the hornet.
The hornet is moderately wounded.
The hornet is struck by your spines. The hornet stings you!
* * * LOW HITPOINT WARNING * * *
You feel yourself slow down.
You closely miss the hornet.
The hornet is heavily wounded.
The hornet stings you!
* * * LOW HITPOINT WARNING * * *
You feel as though you will be slow longer.
The hornet completely misses you.
Press: ? - help, v - describe, . - travel The floor.
There is a cloud of grey smoke here.
The hornet is struck by your spines. The hornet stings you!
You die...
Xom titters!

......#{ #+##..# { #.
...##.####{ +.###
.#..#....#{{ ...# ##
.).####..## #.^# $#
#'###.##..# {+..# .#
#.##...#..#{ #..#{.#
.<.†##.'..####..##§#
#.##...#....###.@y##▓▓▓
#'###.##......≈§≈≈§≈≈≈≈≈≈
...####≈≈....§≈#+########
.##.#≈≈§≈≈≈≈§§≈#....._._#
##.##≈≈≈≈≈§≈§§≈#...._._.#
#+##≈≈≈§§≈≈≈§≈≈#..._._._#
≈≈≈≈≈≈≈≈§≈≈≈≈≈≈#.._._._.#
+#+++#≈≈≈§≈≈§§§#._._._._#
≈≈§≈ ##≈§§###≈≈#_._._.


You could see a hornet.

Vanquished Creatures
  A merfolk siren (D)
  A yaktaur (D)
  2 polar bears (D)
  4 neqoxecs (D)
  A vampire mosquito (D)
  A water moccasin (D)
  5 necrophages (D)
  3 worms (D)
18 creatures vanquished.

Vanquished Creatures (others)
  Menkaure (D)
  A water moccasin (D)
2 creatures vanquished.

Grand Total: 20 creatures vanquished

Notes
Turn   | Place    | Note
-------+----------+-------------------------------------------
     0 | D        | Hipnos the Demonspawn Chaos Knight began the quest for the
                  | Orb.
     0 | D        | Reached XP level 1. HP: 18/18 MP: 1/1
     8 | D        | Reached skill level 3 in Long Blades
    97 | D        | Killed Menkaure
   162 | D        | Found Koymaf Baf's Book Shop.
   163 | D        | Found Paxufol's Distillery.
   163 | D        | Found Fexaen Cix's Antique Weapon Shop.
   163 | D        | Found Keworienk's Weapon Shop.
   163 | D        | Found Jag Tumi's Jewellery Boutique.
   163 | D        | Found Aqaosy's Distillery.
   163 | D        | Found Enaihuf's Distillery.
   163 | D        | Found Farilumu's Antique Armour Shop.
   168 | D        | Discovered your monstrous ancestry.
   168 | D        | Gained mutation: Your touch may inflict minor irresistible
                  | damage on your foes. [demonic ancestry]
   168 | D        | Reached XP level 2. HP: 25/25 MP: 2/2
   177 | D        | Noticed a merfolk siren
   184 | D        | XOM: potion effect (might)
   191 | D        | Killed a merfolk siren
   192 | D        | Reached skill level 8 in Long Blades
   192 | D        | Gained mutation: Your touch may inflict irresistible damage
                  | on your foes. [demonic ancestry]
   192 | D        | Reached XP level 3. HP: 10/38 MP: 3/3
   192 | D        | Gained mutation: You are partially covered in sharp spines.
                  | [demonic ancestry]
   192 | D        | Reached XP level 4. HP: 12/45 MP: 4/4
   192 | D        | Reached XP level 5. HP: 14/51 MP: 5/5
   192 | D        | Gained mutation: You have a pair of small antennae on your
                  | head. [demonic ancestry]
   192 | D        | Reached XP level 6. HP: 15/57 MP: 6/6
   229 | D        | Killed a water moccasin
   408 | D        | XOM: silly message
   421 | D        | Noticed a neqoxec
   421 | D        | Noticed a neqoxec
   421 | D        | Noticed a neqoxec
   421 | D        | Noticed a neqoxec
   427 | D        | Killed a neqoxec
   428 | D        | Reached skill level 9 in Long Blades
   428 | D        | Reached skill level 5 in Armour
   433 | D        | Gained mutation: You are dopey. (Int -2) [a neqoxec]
   439 | D        | Gained mutation: You are very dopey. (Int -4) [a neqoxec]
   440 | D        | Killed a neqoxec
   441 | D        | Reached skill level 10 in Fighting
   441 | D        | Reached skill level 10 in Long Blades
   441 | D        | Gained mutation: You have a pair of antennae on your head.
                  | [demonic ancestry]
   441 | D        | Reached XP level 7. HP: 66/66 MP: 7/7
   446 | D        | Killed a neqoxec
   448 | D        | XOM: potion effect (brilliance)
   448 | D        | Gained mutation: Your magical capacity is low. (-10% MP) [a
                  | neqoxec]
   449 | D        | XOM: potion effect (brilliance)
   454 | D        | Killed a neqoxec
   455 | D        | Reached skill level 11 in Long Blades
   589 | D        | XOM: potion effect (brilliance)
   591 | D        | XOM: silly message
   604 | D        | Reached XP level 8. HP: 74/74 MP: 7/7
   611 | D        | Reached skill level 1 in Stealth
   726 | D        | Noticed an orange crystal statue
   732 | D        | Found Nuinolaf's Jewellery Boutique.
   735 | D        | Found Xoaxosum's General Store.
   753 | D        | Reached skill level 12 in Long Blades
   934 | D        | Noticed a slime creature
   941 | D        | Found Baton's General Store.
   941 | D        | Found Suv Vikh's Antique Armour Boutique.
   941 | D        | Noticed a slime creature
   941 | D        | Noticed a slime creature
   941 | D        | Noticed an oklob plant
   942 | D        | Found Jotaos Ynyg's Magic Scroll Shop.
   942 | D        | Found Vumi's Book Boutique.
   942 | D        | Found Umaw's Book Shoppe.
   943 | D        | Noticed a death yak
   948 | D        | Bought the +0 mask of the Dragon {Will+ Slay+3 SInv} for
                  | 901 gold pieces
   948 | D        | Found the +0 mask of the Dragon {Will+ Slay+3 SInv}
   988 | D        | Found a snail-covered altar of Cheibriados.
   989 | D        | Found a shadowy altar of Dithmenos.
   990 | D        | Found an ancient bone altar of Kikubaaqudgha.
   990 | D        | Found a viscous altar of Jiyva.
   991 | D        | Found a blossoming altar of Fedhas.
   991 | D        | Found a corrupted altar of Lugonu.
   991 | D        | Found a shimmering blue altar of Sif Muna.
   992 | D        | Found an opulent altar of Gozag.
   992 | D        | Found a burning altar of Makhleb.
   992 | D        | Found a bloodstained altar of Trog.
   993 | D        | Found a sparkling altar of Nemelex Xobeh.
   993 | D        | Found a hide-covered altar of Uskayaw.
   994 | D        | Found an iron altar of Okawaru.
   994 | D        | Found a radiant altar of Vehumet.
   995 | D        | Noticed a yaktaur
   995 | D        | Noticed a hornet
   995 | D        | Noticed a polar bear
   995 | D        | XOM: fog
   995 | D        | Noticed a polar bear
  1000 | D        | Killed a polar bear
  1006 | D        | Killed a polar bear
  1017 | D        | Killed a yaktaur
  1018 | D        | Gained mutation: You may rarely emit foul miasma when
                  | damaged in melee. [demonic ancestry]
  1018 | D        | Reached XP level 9. HP: 21/82 MP: 8/8
  1021 | D        | Slain by a hornet

Illustrated notes

Levels and vault maps discovered:
D:        the_violet_keep_of_menkaure [sprint2_stairs_cluster_1,
          sprint2_shoproom, sprint2_temple, sprint2_basic_supplies,
          sprint2_obstacle_4, sprint2_obstacle_5, sprint2_obstacle_7,
          sprint2_obstacle_6, sprint2_obstacle_2, sprint2_timed_cluster_1,
          sprint2_smallroom_cluster_1, sprint2_smallroom_final_cluster_1,
          sprint2_transparent_cluster_1, sprint2_second_timed_cluster_1,
          sprint2_sniper_area_1, sprint2_heavy_combat_area_1,
          sprint2_mutation_trap_area_1, sprint2_forest_area_1,
          sprint2_light_combat_area_1, sprint2_behind_water_1,
          sprint2_near_end_vault_1]

Skill      XL: |  1  2  3  4  5  6  7  8 |
---------------+-------------------------+-----
Long Blades    | 3 8 10 11 12 | 12.9
Armour         | 2 4 5 6 |  6.7
Fighting       | 4 8 10 11 | 11.9
Dodging        | 2 3 4 |  4.6
Stealth        | 4 |  4.1
Evocations     | |  0.1

Action                   |  1- 3 |  4- 6 |  7- 9 || total
-------------------------+-------+-------+-------++-------
Melee: Falchion          |    23 |    18 |    76 ||   117
       Punch             |     1 |       |     1 ||     2
       Touch             |     1 |     1 |    13 ||    15
Evoke: Piece from Xom's  |       |       |     1 ||     1
  Use: Potion            |       |     1 |     1 ||     2
 Stab: Petrifying        |       |       |     2 ||     2
       Petrified         |       |       |     1 ||     1
Armor: Leather armour    |     1 |     1 |    15 ||    17
Dodge: Dodged            |     5 |     3 |    30 ||    38

Table legend: (Time is in decaauts)
 A = Elapsed time spent in this place.
 B = Non-inter-level travel time spent in this place.
 C = Inter-level travel time spent in this place.
 D = Time resting spent in this place.
 E = Time spent auto-exploring this place.
 F = Levels seen in this place.
 G = Mean time per level.
                   A        B        C        D        E       F      G
               +--------+--------+--------+--------+--------+-----+--------+
         Total |   1040 |   1040 |      0 |    717 |      0 |   1 | 1040.0 |
       Dungeon |   1040 |   1040 |      0 |    717 |      0 |   1 | 1040.0 |
               +--------+--------+--------+--------+--------+-----+--------+

Top non-repeatable levels by time:
       D: 1040 daAuts
